 Dungeon Crawl Stone Soup version 0.22-a0-618-gd6a3efe (webtiles) character file.

808 Amnesiac the Digger (level 7, 0/46 HPs)
             Began as a Mummy Earth Elementalist on July 14, 2018.
             Was an Initiate of Ashenzari.
             Slain by an iguana (11 damage)
             ... on level 6 of the Dungeon.
             The game lasted 00:08:07 (3810 turns).

Amnesiac the Digger (Mummy Earth Elementalist)      Turns: 3810, Time: 00:08:08

Health: 0/46       AC:  2    Str: 11    XL:     7   Next: 60%
Magic:  4/15       EV: 15    Int: 16    God:    Ashenzari [......]
Gold:   17         SH:  0    Dex: 19    Spells: 5/17 levels left

rFire    x . .     SeeInvis +   l - +8 dagger "Holiargh" {protect, *Contam +Inv Dex+6 SInv}
rCold    + . .     Gourm    .   (no shield)
rNeg     + + +     Faith    .   c - +0 robe
rPois    ∞         Spirit   .   (no helmet)
rElec    .         Reflect  .   (no cloak)
rCorr    .         Harm     .   (no gloves)
MR       .....                  (no boots)
Stlth    ++........             (no amulet)
HPRegen  0.15/turn              p - +3 ring of evasion
MPRegen  0.14/turn              n - ring of see invisible

@: very slightly contaminated
A: no food or potions, fire vulnerability, cold resistance 1, negative energy
resistance 3, torment resistance, unbreathing
a: Curse Item, Renounce Religion, Evoke Invisibility


You were on level 6 of the Dungeon.
You worshipped Ashenzari.
Ashenzari was noncommittal.
You were not hungry.

You visited 2 branches of the dungeon, and saw 7 of its levels.

You collected 153 gold pieces.
You spent 136 gold pieces at shops.

Inventory:

Hand Weapons
 a - a +2 short sword of flaming
 l - the +8 dagger "Holiargh" (weapon) {protect, *Contam +Inv Dex+6 SInv}
   (You found it on level 4 of the Dungeon)

   It protects the one who uses it against injury (+AC on strike).
   It affects your dexterity (+6).
   It lets you see invisible.
   It lets you turn invisible.
   It causes magical contamination when unequipped.
 r - a +0 dagger of flaming
Missiles
 i - 9 poisoned needles
 m - 8 stones (quivered)
Armour
 c - a +0 robe (worn)
Jewellery
 n - a ring of see invisible (right hand)
 p - a +3 ring of evasion (left hand)
Wands
 t - a wand of paralysis (17)
Scrolls
 b - 2 scrolls of enchant armour {!r, unknown}
 d - a scroll of blinking {!r, unknown}
 e - a scroll of noise {!r, unknown}
 f - 3 scrolls of remove curse {!r}
 g - 7 scrolls of identify {!r, unknown}
 j - 2 scrolls of random uselessness {!r, unknown}
 k - 3 scrolls of enchant weapon {!r, unknown}
 o - a scroll of magic mapping {!r, unknown}
 q - a scroll of acquirement {!r, unknown}
 s - 2 scrolls of torment {!r, unknown}


   Skills:
 - Level 3.0 Short Blades
 - Level 1.5 Dodging
 + Level 2.0 Stealth
 + Level 5.5 Spellcasting
 - Level 1.0 Transmutations
 * Level 5.7 Earth Magic


You had 5 spell levels left.
You knew the following spells:

 Your Spells              Type           Power        Failure   Level  Hunger
a - Sandblast             Erth           ###...       1%          1    N/A
b - Passwall              Tmut/Erth      ###.....     5%          2    N/A
d - Lee's Rapid Deconstr  Erth           ###.......   36%         5    N/A
e - Petrify               Tmut/Erth      ###.....     34%         4    N/A

Your spell library contained the following spells:

 Spells                   Type           Power        Failure   Level  Hunger
 Confuse                  Hex            #.......     41%         3    N/A
 Tukima's Dance           Hex            #.......     41%         3    N/A
 Stone Arrow              Conj/Erth      ##....       13%         3    N/A
 Ensorcelled Hibernation  Hex/Ice        #.....       22%         2    N/A
 Corona                   Hex            #......      14%         1    N/A
 Dazzling Spray           Conj/Hex       #.....       41%         3    N/A

Dungeon Overview and Level Annotations

Branches:
Dungeon (6/15)             Temple (1/1) D:6

Altars:
Ashenzari
Cheibriados
Dithmenos
Fedhas
Gozag
Hepliaklqana
Kikubaaqudgha
Makhleb
Nemelex Xobeh
Okawaru
Qazlal
Ru
Sif Muna
Trog
Uskayaw
Vehumet
Wu Jian
Xom
Yredelemnul
Zin
The Shining One

Shops:
D:5 *(   D:6 :([*


Innate Abilities, Weirdness & Mutations

You do not eat or drink.
Your flesh is vulnerable to fire.
You are immune to poison.
Your flesh is cold resistant. (rC+)
You are immune to negative energy. (rN+++)
You are immune to unholy pain and torment.
You can survive without breathing.


Message History

Wield which item (- for none, * to show all)? (? for menu, Esc to quit)
Really wield
l - the dagger "Holiargh" {protect, *Contam +Inv Dex+6 SInv}?
Your +2 short sword of flaming stops flaming.
The +8 dagger "Holiargh" {protect, *Contam +Inv Dex+6 SInv} hums with potential!
l - the +8 dagger "Holiargh" (weapon)
{protect, *Contam +Inv Dex+6 SInv}
Okay, then.
Done exploring.
(D) Dungeon (T) Temple
Where to? (Enter - D:5 @ (x,y), ? - help)
What level of the Dungeon? (default 6, ? - help)
There is a deep blue altar of Sif Muna here.
There is a hide-covered altar of Uskayaw here.
There is a stormy altar of Qazlal here.
There is an open door here.
There is a staircase back to the Dungeon here.
You climb upwards.
Welcome back to the Dungeon!
The iguana misses you.
The iguana is too close now for your liking.
There is a staircase to the Ecumenical Temple here.
Casting: Sandblast (safe; 1% risk of failure)
Confirm with . or Enter, or press ? or * to list all spells.
Aiming: Petrify (quite dangerous; 34% risk of failure)
Press: ? - help, Shift-Dir - straight line, f - iguana
Aim: an iguana (chance to defeat MR: 54%)
You miscast Petrify.
You are very lightly contaminated with residual magic.
Waves of light ripple over your body. The iguana barely misses you.
Casting: Petrify (quite dangerous; 34% risk of failure)
Confirm with . or Enter, or press ? or * to list all spells.
Aiming: Petrify (quite dangerous; 34% risk of failure)
Press: ? - help, Shift-Dir - straight line, f/p - iguana
Aim: an iguana (chance to defeat MR: 54%)
You miscast Petrify.
Rocks fall onto you out of nowhere! The iguana completely misses you.
Unknown command.
Casting: Petrify (quite dangerous; 34% risk of failure)
Confirm with . or Enter, or press ? or * to list all spells.
Aiming: Sandblast (safe; 1% risk of failure)
Press: ? - help, Shift-Dir - straight line, f/p - iguana
Aim: an iguana The blast of sand hits the iguana.
m - 10 stones The iguana bites you.
Casting: Sandblast (safe; 1% risk of failure)
Confirm with . or Enter, or press ? or * to list all spells.
Aiming: Sandblast (safe; 1% risk of failure)
Press: ? - help, Shift-Dir - straight line, f/p - iguana
Aim: an iguana The blast of sand hits the iguana.
The iguana is lightly wounded.
m - 9 stones The iguana bites you!
* * * LOW HITPOINT WARNING * * *
Casting: Sandblast (safe; 1% risk of failure)
Confirm with . or Enter, or press ? or * to list all spells.
Aiming: Sandblast (safe; 1% risk of failure)
Press: ? - help, Shift-Dir - straight line, f/p - iguana
Aim: an iguana (lightly wounded)
The blast of sand hits the iguana.
The iguana is severely wounded.
m - 8 stones The iguana bites you.
* * * LOW HITPOINT WARNING * * *
The iguana bites you!
You die...

####### #### #.....#
#... #...∩.# #...
#.....# #... #.....###
#...
###...#.8.###########...
.......@................
#.#...8.l.8.#######.#...
#..........# #.#...
#...#.8.##.## #.....
.#+#.....####..# #.#...
.........##..... #.#...
....####........ #.#.##
.... #........ #.#.#
#........ #.#.##


You could see an iguana.

Vanquished Creatures
  Eustachio (Temple)
  2 phantoms
  A black bear (D:6)
  An ogre (D:5)
  A crimson imp (D:5)
  2 hounds (D:4)
  2 centaur skeletons
  An orc wizard (D:5)
  A worker ant (D:5)
  A hound skeleton (D:4)
  A worker ant zombie (D:6)
  2 adders
  2 shadow imps
  An ooze (D:1)
  An adder skeleton (D:6)
  2 worms (D:2)
  2 leopard geckos
  5 orcs
  3 bats
  2 giant cockroaches
  2 goblins (D:2)
  2 hobgoblins
  5 jackals
  3 quokkas
  A frilled lizard (D:5)
  5 kobolds
  A quokka zombie (D:6)
  2 rats
55 creatures vanquished.

Notes
Turn   | Place    | Note
-------+----------+-------------------------------------------
     0 | D:1      | Amnesiac the Mummy Earth Elementalist began the quest for the Orb.
     0 | D:1      | Reached XP level 1. HP: 13/13 MP: 4/4
   127 | D:1      | Reached XP level 2. HP: 17/19 MP: 5/5
   136 | D:1      | Learned a level 2 spell: Passwall
   345 | D:2      | Reached skill level 1 in Transmutations
   515 | D:3      | Reached XP level 3. HP: 21/24 MP: 7/7
   714 | D:4      | Noticed a phantom
   718 | D:4      | Reached skill level 1 in Short Blades
   718 | D:4      | Reached XP level 4. HP: 18/30 MP: 5/9
   873 | D:4      | Killed a phantom
   873 | D:4      | Reached XP level 5. HP: 8/35 MP: 0/10
  1232 | D:5      | Entered Level 5 of the Dungeon
  1278 | D:4      | Learned a level 4 spell: Petrify
  1568 | D:4      | Got a crystal dagger
  2084 | D:5      | Found Vaokics's Assorted Antiques.
  2092 | D:5      | Bought a scroll labeled UMOAKH EWEOME for 24 gold pieces
  2092 | D:5      | Bought a scroll labeled UMOAKH EWEOME for 24 gold pieces
  2092 | D:5      | Bought a scroll labeled IRUEFIPONG for 24 gold pieces
  2239 | D:6      | Found Ulirr's Book Boutique.
  2269 | D:6      | Found Buarut's Antique Armour Emporium.
  2404 | D:5      | Found Magug's Weapon Boutique.
  2471 | D:5      | Reached XP level 6. HP: 41/41 MP: 12/12
  2478 | D:5      | Learned a level 5 spell: Lee's Rapid Deconstruction
  3247 | D:6      | Reached skill level 5 in Earth Magic
  3247 | D:6      | Reached XP level 7. HP: 38/46 MP: 4/14
  3328 | D:6      | Found Viggev's Assorted Antiques.
  3336 | D:6      | Bought a scroll labeled FINUGO MASSE for 32 gold pieces
  3336 | D:6      | Bought a scroll labeled FINUGO MASSE for 32 gold pieces
  3599 | D:6      | Reached skill level 5 in Spellcasting
  3621 | D:6      | Found a staircase to the Ecumenical Temple.
  3626 | D:6      | Found Ompoplerph's Antique Weapon Shop.
  3626 | D:6      | Noticed Eustachio
  3632 | Temple   | Entered the Ecumenical Temple
  3640 | Temple   | Killed Eustachio
  3755 | Temple   | Became a worshipper of Ashenzari the Shackled
  3766 | Temple   | Identified the +8 dagger "Holiargh" {protect, *Contam +Inv Dex+6 SInv} (You found it on level 4 of the Dungeon)
  3810 | D:6      | Slain by an iguana

Vault maps used:
D:1:      evilmike_arrival_fibonacci_small, minmay_unequal
D:3:      first_ration, gammafunk_ghost_cemetery, kennysheep_generic_room_5
D:4:      serial_forest, infiniplex_forest_clump_long,
          infiniplex_forest_clump_small, infiniplex_forest_corner_1,
          infiniplex_forest_straight_3, infiniplex_forest_clump_double,
          infiniplex_forest_straight_5, infiniplex_forest_straight_2,
          hangedman_decor_diamond_cutter, kennysheep_small_square
D:5:      serial_shops, shop, shop_statue
D:6:      minmay_temple_entry_statues_pillars, serial_shops,
          kennysheep_mini_moat, shop, nicolae_shop_crystal, shop, uniq_eustachio
Temple:   kilobyte_greek_temple

Skill      XL: |  1  2  3  4  5  6  7 |
---------------+----------------------+-----
Earth Magic    | 3 4 5 |  5.7
Transmutations | 1 |  1.0
Spellcasting   | 3 4 5 |  5.5
Short Blades   | 1 2 3 |  3.0
Stealth        | 2 |  2.0
Dodging        | |  1.5

Action                   |  1- 3 |  4- 6 |  7- 9 || total
-------------------------+-------+-------+-------++-------
Melee: Short sword       |    60 |    62 |    18 ||   140
 Cast: Sandblast         |    11 |    54 |    15 ||    80
       Petrify           |       |     1 |       ||     1
 Stab: Distracted        |     1 |       |       ||     1
       Sleeping          |     2 |       |     1 ||     3
Armor: Robe              |    15 |     7 |     6 ||    28
Dodge: Dodged            |    52 |    41 |    17 ||   110

Table legend:
 A = Spawn XP
 B = Non-spawn XP
 C = Spawn XP percentage of total XP
 D = Spawn monster count
 E = Non-spawn monster count
 F = Spawn count percentage of total count
 G = Total turns spent on level
                    A         B        C        D         E        F      G
               +---------+---------+-------+---------+---------+-------+---------
         Total |       0 |    1155 |   0.0 |       0 |      55 |   0.0 |  3810
               +---------+---------+-------+---------+---------+-------+---------
           D:1 |       0 |      14 |   0.0 |       0 |       6 |   0.0 |   203
           D:2 |       0 |      20 |   0.0 |       0 |       8 |   0.0 |   279
           D:3 |       0 |      18 |   0.0 |       0 |       9 |   0.0 |    97
           D:4 |       0 |     291 |   0.0 |       0 |       9 |   0.0 |  1426
           D:5 |       0 |     316 |   0.0 |       0 |      13 |   0.0 |  1063
           D:6 |       0 |     293 |   0.0 |       0 |       9 |   0.0 |   570
        Temple |       0 |     203 |   0.0 |       0 |       1 |   0.0 |   172
               +---------+---------+-------+---------+---------+-------+---------
